AoeStats
← FATBOY [IM NOT RACIST ANYMORE

Arena

507669064Analyzed
4v4 RM · 14d ago on Sep 19, 2026· 15m 10s· 8 players
Game mode
Random Map
Map size
Large (8 player)
Population
200
Speed
Normal
Resources
Standard
Victory
Conquest
Starting age
Dark Age
Ending age
Imperial Age
RankedLock teamsTeams togetherTeam positionsShared explorationLock speedFull tech treeHidden civsTurbo modeCheats
Victory
Defeat
🇺🇸 Cumans · United States
1635
+6
🇲🇽 Japanese · Mexico
1520
+9
1481
+10
🇲🇽 Turks · Mexico
1449
+11
🇯🇵 Koreans · Japan
1396
-10
🇨🇭 Japanese · Switzerland
1361
-9
🇺🇸 Wu · United States
1355
-9
🇬🇹 Khmer · Guatemala
1318
-8
FATBOY [IM NOT RACIST ANYMORE
10:25 Feudal Age
14:07 Castle Age
JAxys
10:16 Feudal Age
13:54 Castle Age
11:59 Double-Bit Axe
14:41 Loom
平原君
4:59 Loom
11:39 Feudal Age
15:51 Castle Age
14:20 Double-Bit Axe
14:17 Horse Collar
Cherry wavessss
10:59 Feudal Age
13:55 Castle Age
12:36 Double-Bit Axe
14:32 Forging
Duaaa
9:16 Feudal Age
10:02 Man-at-Arms
11:16 Double-Bit Axe
123 POR PUNI Y SUS AMIGOS
10:49 Feudal Age
12:29 Double-Bit Axe
12:41 Horse Collar
16:59 Castle Age
Walmart
12:06 Feudal Age
16:25 Castle Age
14:16 Loom
Ro0kiE_
6:56 Loom
9:10 Feudal Age
15:01 Double-Bit Axe
Connection lost

Rejoining the realm…

Still unreachable

The connection could not be restored.

Session expired

The server has moved on; the page needs a fresh start.